 Dungeon Crawl Stone Soup version 0.21.0-25-ge575cb9ce8 (webtiles) character file.

193 Optimism the Ruffian (level 5, 0/53 HPs)
             Began as a Troll Berserker on Jan 24, 2018.
             Was a Believer of Trog.
             Slain by a gnoll
             ... wielding a +0 whip
              (3 damage)
             ... on level 4 of the Dungeon.
             The game lasted 00:05:25 (2322 turns).

Optimism the Ruffian (Troll Berserker)              Turns: 2322, Time: 00:05:26

Health: 0/53       AC:  5    Str: 26    XL:     5   Next: 43%
Magic:  4/4        EV: 10    Int:  3    God:    Trog [**....]
Gold:   149        SH:  0    Dex:  9    Spells: 4/4 levels left

rFire    . . .     SeeInvis .     - Unarmed
rCold    . . .     Gourm    +   (no shield)
rNeg     . . .     Faith    .   a - +0 animal skin
rPois    .         Spirit   .   (helmet restricted)
rElec    .         Reflect  .   (no cloak)
rCorr    .         Harm     .   (gloves unavailable)
MR       .....                  (boots unavailable)
Stlth    +.........             (no amulet)
HPRegen  0.57/turn              (no ring)
MPRegen  0.09/turn              (no ring)

@: no status effects
A: large, unfitting armour, claws 3, fast metabolism 3, gourmand, regeneration
1, shaggy fur 1, tough skin 2
a: Berserk, Trog's Hand, Burn Spellbooks, Renounce Religion


You were on level 4 of the Dungeon.
You worshipped Trog.
Trog was pleased with you.
You were very full.

You visited 1 branch of the dungeon, and saw 4 of its levels.

You collected 149 gold pieces.

Inventory:

Armour
 a - a +0 animal skin (worn)
Jewellery
 g - a cursed ring of teleportation {unknown}
Scrolls
 c - a scroll of blinking {unknown}
 d - a scroll of magic mapping {unknown}
 e - a scroll of noise {unknown}
 h - a scroll of random uselessness {unknown}
 i - 2 scrolls of teleportation {unknown}
 k - a scroll of enchant weapon {unknown}
 l - 2 scrolls of identify {unknown}
 p - a scroll of immolation {unknown}
 q - 2 scrolls of remove curse {unknown}
 s - a scroll of fear {unknown}
Potions
 f - 2 potions of curing {unknown}
 j - a potion of flight {unknown}
 m - a potion of cancellation {unknown}
 n - a potion of invisibility {unknown}
 o - 2 potions of degeneration {unknown}
Comestibles
 b - 7 rations


   Skills:
 + Level 3.0 Fighting
 + Level 3.1 Dodging
 + Level 0.1 Stealth
 + Level 5.2 Unarmed Combat


You had 4 spell levels left.
You didn't know any spells.

Dungeon Overview and Level Annotations

Branches:
Dungeon (4/15)
 Temple: D:4-7

Altars:
Fedhas
Gozag
Nemelex Xobeh

Annotations:
D:4 Menkaure


Innate Abilities, Weirdness & Mutations

You are too large for most types of armour.
You have claws for hands.
Your metabolism is lightning-fast.
You like to eat raw meat.
Your natural rate of healing is unusually fast.
You are covered in fur. (AC +1)
You have very tough skin. (AC +2)


Message History

There is a stone staircase leading down here.
Menkaure hits you but does no damage. The gnoll hits you but does no damage.
You climb downwards.
There is a stone staircase leading up, spattered with blood here.
The gnoll barely misses you.
Menkaure whispers, "Let me perform the rites..."
Menkaure points at you and mumbles some strange words.
Pain shoots through your body!
You climb upwards.
There is a stone staircase leading down here.
The gnoll hits you with a whip. Menkaure hits you!!
* * * LOW HITPOINT WARNING * * *
The gnoll hits you but does no damage.
You climb downwards.
There is a stone staircase leading up, spattered with blood here.
Menkaure calls on the powers of darkness!
The gnoll convulses!
Your body is wracked with pain!
* * * LOW HITPOINT WARNING * * *
The gnoll hits you with a whip.
You die...

#. #.# ##
..###. .
.....#####
..##......$#
...........#
>.##..gM...#
.......@†..#
..#........#
...........#
.............
#...###.####...
#<#. #.# .... #
# #.# ... ...
..


You could see Menkaure and a gnoll.

Vanquished Creatures
  Jessica (D:3)
  A hound skeleton (D:4)
  Robin (D:3)
  5 gnolls
  An adder (D:3)
  2 worms (D:2)
  3 dart slugs (D:1)
  4 orcs (D:3)
  4 giant cockroaches
  12 goblins
  10 hobgoblins
  7 jackals
  8 kobolds
  A ball python (D:1)
  3 bats
  2 frilled lizards
  2 rats
67 creatures vanquished.

Notes
Turn   | Place    | Note
-------+----------+-------------------------------------------
     0 | D:1      | Optimism the Troll Berserker began the quest for the Orb.
     0 | D:1      | Reached XP level 1. HP: 22/22 MP: 0/0
   135 | D:1      | Reached XP level 2. HP: 26/29 MP: 1/1
   705 | D:2      | Reached XP level 3. HP: 36/36 MP: 2/2
  1203 | D:2      | Found an opulent altar of Gozag.
  1204 | D:2      | Found a sparkling altar of Nemelex Xobeh.
  1211 | D:2      | Reached skill level 4 in Unarmed Combat
  1219 | D:2      | Reached XP level 4. HP: 27/44 MP: 3/3
  1254 | D:2      | Found a blossoming altar of Fedhas.
  1445 | D:3      | Reached ** piety under Trog
  1484 | D:3      | Noticed Jessica
  1492 | D:3      | Killed Jessica
  1689 | D:3      | Noticed Robin
  1694 | D:3      | Killed Robin
  1694 | D:3      | Reached XP level 5. HP: 53/53 MP: 4/4
  2198 | D:4      | Reached skill level 5 in Unarmed Combat
  2210 | D:4      | Noticed Menkaure
  2319 | D:3      | HP: 2/53 [Menkaure (19)]
  2322 | D:4      | Slain by a gnoll

Skill      XL: |  1  2  3  4  5 |
---------------+----------------+-----
Unarmed Combat | 4 5 |  5.2
Fighting       | 3 |  3.0
Dodging        | 3 |  3.1
Stealth        | |  0.1

Action                   |  1- 3 |  4- 6 || total
-------------------------+-------+-------++-------
Melee: Unarmed           |    69 |    89 ||   158
       Punch             |     1 |       ||     1
Invok: Berserk           |       |     1 ||     1
  Eat: Chunk             |    14 |    12 ||    26
Armor: Animal skin       |    18 |    36 ||    54
Dodge: Dodged            |    31 |    65 ||    96
